 Dungeon Crawl Stone Soup version 0.31-a0-200-gbc41564c69 (webtiles) character file.

Game seed: 6043358683697817488

372 qw the Skirmisher (level 6, -3/35 HPs)
             Began as a Deep Elf Hunter on June 25, 2023.
             Slain by Blork the orc
             ... wielding a +2 heavy battleaxe
              (12 damage)
             ... on level 4 of the Dungeon.
             The game lasted 00:01:11 (3722 turns).

qw the Skirmisher (Deep Elf Hunter)                 Turns: 3722, Time: 00:01:12

Health: -3/35      AC:  6    Str: 12    XL:     6   Next: 43%
Magic:  8/8        EV: 12    Int: 16    God:
Gold:   156        SH:  0    Dex: 20    Spells: 5/5 levels left

rFire   . . .        Y - +2 shortbow
rCold   . . .        (shield currently unavailable)
rNeg    . . .        n - +0 ring mail
rPois   .            (no helmet)
rElec   .            (no cloak)
rCorr   .            e - +0 pair of gloves
SInv    .            (no boots)
Will    .....        (no amulet)
Stlth   +            (no ring)
HPRegen 0.25/turn    (no ring)
MPRegen 0.11/turn

%: no passive effects
@: unable to drink
A: agile 1, clever 1, strong 1, inability to drink after injury 1
a: no special abilities


You were on level 4 of the Dungeon.
You visited 1 branch of the dungeon, and saw 4 of its levels.

You collected 268 gold pieces.
You spent 112 gold pieces at shops.


Innate Abilities, Weirdness & Mutations

You are agile. (Dex +4, Str/Int -1)
Your mind is acute. (Int +4, Str/Dex -1)
Your muscles are strong. (Str +4, Int/Dex -1)
You occasionally lose the ability to drink potions when taking damage.


   Skills:
 - Level 2.1 Fighting
 + Level 9.7 Ranged Weapons
 - Level 3.0 Dodging
 - Level 1.2 Stealth


You had 5 spell levels left.
You didn't know any spells.
Your spell library was empty.

Inventory:

Hand Weapons
 Y - a +2 shortbow (weapon)
Armour
 e - a +0 pair of gloves (worn)
 n - a +0 ring mail (worn)
 o - a +0 helmet
 q - a +0 cloak
Jewellery
 r - a ring of magical power
Scrolls
 a - 3 scrolls of teleportation
 h - 2 scrolls of identify
Potions
 b - 3 potions of heal wounds {unknown}
 c - a potion of degeneration {unknown}
 d - a potion of enlightenment {unknown}
 f - a potion of resistance
 g - a potion of cancellation {unknown}
 i - 2 potions of brilliance {unknown}
 j - 3 potions of curing
 k - 2 potions of haste
 l - a potion of berserk rage {unknown}
 m - a potion of ambrosia {unknown}
 p - a potion of lignification {unknown}

Dungeon Overview and Level Annotations

Branches:
Dungeon (4/15)
 Temple: D:4-7

Altars:
Kikubaaqudgha
Ru
Vehumet
Yredelemnul

Shops:
D:4 [

Annotations:
D:4 Blork the orc


Message History

There is an open door here.
You open the door.
There is an open door here.
There is an open door here.
There is an open door here.
There is an open door here.
There is an open door here.
You open the door.
There is an open door here.
You open the door.
There is an open door here.
There is an open door here.
r - a ring of magical power
Enter note:
Enter note:
Enter note:
Enter note: As you open the door, it creaks loudly!
There is an open door here.
Found a stone staircase leading down.
You now have 156 gold pieces (gained 12).
Enter note:
Enter note:
Enter note:
Enter note: Blork the orc comes into view.
He is wielding a +2 heavy battleaxe.
Blork the orc shouts!
Enter note:
Enter note:
Enter note:
Enter note: You shoot an arrow.
The arrow hits Blork the orc!
Blork the orc is moderately wounded.
Blork the orc hits you with a +2 heavy battleaxe!!
Ouch! That really hurt!
You shoot an arrow. The arrow hits Blork the orc!
Blork the orc is severely wounded.
Blork the orc hits you with a +2 heavy battleaxe!
You feel threatened and lose the ability to drink potions!
You die...

#.#........ #.
#.#........ #.
#.#........ #.
#.#........ #.
#.#........ #.
#.#........ #.
#..........
#.#######..........
#.@................
#o#######..######.#
>..
..........7777'7
#...
..........'.....
##.#
#####+#.##7.#... #.
#......# 7.#._. #.
#......##7.#... #.
#........'.....
#........7777'7


You could see Blork the orc.

Vanquished Creatures
  A scorpion (D:4)
  2 hounds (D:4)
  A gnoll bouda (D:4)
  An iguana (D:4)
  3 gnolls (D:4)
  6 adders
  7 worms
  3 dart slugs
  An orc (D:4)
  15 ball pythons
  4 bats
  6 endoplasms
  3 giant cockroaches
  8 goblins
  7 hobgoblins
  4 jackals (D:1)
  9 kobolds
  4 quokkas
  2 frilled lizards (D:3)
  6 rats
93 creatures vanquished.

Notes
Turn   | Place    | Note
-------+----------+-------------------------------------------
     0 | D:1      | qw the Deep Elf Hunter began the quest for the Orb.
     0 | D:1      | Reached XP level 1. HP: 12/12 MP: 3/3
     0 | D:1      | 0 ||| qw: Version: 0.3-a-22-g0ed2b0b
     0 | D:1      | 0 ||| qw: Game counter: 5552
     0 | D:1      | 0 ||| qw: Melee chars always use a shield: true
     0 | D:1      | 0 ||| qw: God list: Okawaru
     0 | D:1      | 0 ||| qw: Allow faded altars: false
     0 | D:1      | 0 ||| qw: Do Orc after clearing Dungeon:15 true
     0 | D:1      | 0 ||| qw: Do second Lair branch before Depths: true
     0 | D:1      | 0 ||| qw: Lair rune preference: random
     0 | D:1      | 0 ||| qw: Goals: Normal
     0 | D:1      | 0 ||| PLANNING D:1-11
    89 | D:1      | Found a faded altar of an unknown god.
    95 | D:1      | Reached skill level 6 in Ranged Weapons
    95 | D:1      | Reached XP level 2. HP: 16/16 MP: 4/4
   574 | D:1      | Reached XP level 3. HP: 20/20 MP: 5/5
   889 | D:1      | 889 ||| UPGRADING to +0 pair of gloves.
   894 | D:1      | 894 ||| READING scroll labelled OTIBI DARUBB.
   995 | D:1      | 995 ||| READING scroll labelled AFIARA WOIGG.
   996 | D:1      | 996 ||| READING 3 scrolls labelled OGULLAU DALAEP.
   997 | D:1      | 997 ||| READING scroll labelled IFEM MOJERAN.
   998 | D:1      | 998 ||| DRINKING 2 fuming inky potions.
   998 | D:1      | Gained mutation: Your movements are slightly less
                  | encumbered by armour. (ER -2) [potion of mutation]
   998 | D:1      | Gained mutation: Your spells are a little harder to cast,
                  | but a little more powerful. [potion of mutation]
   998 | D:1      | Gained mutation: You occasionally lose the ability to drink
                  | potions when taking damage. [potion of mutation]
   999 | D:1      | 999 ||| DRINKING potion of mutation.
   999 | D:1      | Lost mutation: Your spells are a little harder to cast, but
                  | a little more powerful. [potion of mutation]
   999 | D:1      | Lost mutation: Your movements are slightly less encumbered
                  | by armour. (ER -2) [potion of mutation]
   999 | D:1      | Gained mutation: Your mind is acute. (Int +4, Str/Dex -1)
                  | [potion of mutation]
   999 | D:1      | Gained mutation: You have hidden genetic potential. [potion
                  | of mutation]
  1000 | D:1      | 1000 ||| DRINKING 2 fizzy ruby potions.
  1001 | D:1      | 1001 ||| DROPPING scroll of butterflies.
  1002 | D:1      | 1002 ||| DROPPING 2 scrolls of fear.
  1195 | D:2      | Reached skill level 7 in Ranged Weapons
  1368 | D:2      | Reached XP level 4. HP: 25/25 MP: 6/6
  1375 | D:2      | Gained mutation: Your muscles are strong. (Str +4, Int/Dex
                  | -1) [hidden potential]
  1822 | D:2      | 1822 ||| DROPPING +6 ring of intelligence.
  1823 | D:2      | 1823 ||| READING scroll labelled XYHEG SACOY.
  1824 | D:2      | 1824 ||| DRINKING 2 sedimented inky potions.
  1825 | D:2      | 1825 ||| DRINKING 3 dark potions.
  1836 | D:3      | 1836 ||| PLANNING SEWER
  2027 | D:3      | Reached skill level 8 in Ranged Weapons
  2084 | D:3      | Found an ancient bone altar of Kikubaaqudgha.
  2170 | D:3      | 2170 ||| READING scroll of enchant weapon.
  2170 | D:3      | 2170 ||| ENCHANTING +1 shortbow.
  2435 | D:3      | 2435 ||| RIP SEWER
  2452 | D:3      | 2452 ||| PLANNING D:1-11
  2693 | D:3      | Reached XP level 5. HP: 29/29 MP: 7/7
  2945 | D:3      | 2945 ||| UPGRADING to +0 ring mail.
  2955 | D:3      | 2955 ||| DROPPING +0 leather armour.
  2956 | D:3      | 2956 ||| READING 3 scrolls labelled LEXYUS GEHOI.
  2960 | D:3      | 2960 ||| READING 2 scrolls labelled HOUD GUXUHIFUA.
  2961 | D:3      | 2961 ||| DROPPING scroll of noise.
  2995 | D:4      | Gained mutation: You are agile. (Dex +4, Str/Int -1)
                  | [hidden potential]
  2995 | D:4      | Lost mutation: You have hidden genetic potential. [hidden
                  | potential expressed]
  3079 | D:4      | Reached skill level 9 in Ranged Weapons
  3151 | D:4      | Reached skill level 3 in Dodging
  3153 | D:4      | Reached XP level 6. HP: 30/35 MP: 8/8
  3154 | D:4      | 3154 ||| FLEEEEING.
  3287 | D:4      | Found Vuak's Antique Armour Shop.
  3295 | D:4      | 3295 ||| SHOPLISTING embroidered cloak (187 gold, have
                  | 184).
  3295 | D:4      | 3295 ||| BUYING helmet (112 gold).
  3295 | D:4      | Bought a helmet for 112 gold pieces
  3295 | D:4      | 3295 ||| SHOPLISTING shiny ring mail (175 gold, have 72).
  3326 | D:4      | Found a basalt altar of Yredelemnul.
  3403 | D:4      | Found a sacrificial altar of Ru.
  3403 | D:4      | Found a radiant altar of Vehumet.
  3720 | D:4      | Noticed Blork the orc
  3722 | D:4      | Slain by Blork the orc

Levels and vault maps discovered:
D:1:      minmay_arrival_nine_rooms, layout_basic,
          ebering_ecumenical_altar_sacrificial
D:2:      layout_basic, hangedman_decor_opposing, kennysheep_path_1
D:3:      kb_forest_paths, layout_loops_corners,
          mainiacjoe_overflow_tiny_flanked, portal_sewer_entry_d, st_stairs_3,
          mrwooster_statue_mirror, minivault_26
D:4:      layout_basic, tgw_trog, mainiacjoe_overflow_six_doors_small,
          jmf_multi_god_temple, serial_shops, shop, uniq_blork_the_orc

Skill      XL: |  1  2  3  4  5 |
---------------+----------------+-----
Ranged Weapons | 6 7 8 9 |  9.7
Fighting       | 2 |  2.1
Dodging        | 3 |  3.0
Stealth        | |  1.2

Action                     |  1- 3 |  4- 6 || total
---------------------------+-------+-------++-------
   Fire: Shortbow          |    90 |   151 ||   241
    Use: Scroll            |     4 |     4 ||     8
         Potion            |     3 |     2 ||     5
 Armour: Leather armour    |    11 |     3 ||    14
         Ring mail         |       |     3 ||     3
  Dodge: Dodged            |    20 |    15 ||    35

Table legend:
 A = Non-vault XP
 B = Vault XP
 C = Vault XP percentage of total XP
 D = Non-vault monster count
 E = Vault monster count
 F = Vault count percentage of total count
                 A         B        C        D         E       F
            +---------+---------+-------+---------+---------+-------
      Total |     499 |      33 |   6.2 |      82 |      11 |  11.8
            +---------+---------+-------+---------+---------+-------
        D:1 |      48 |       0 |   0.0 |      25 |       0 |   0.0
        D:2 |      84 |       0 |   0.0 |      21 |       0 |   0.0
        D:3 |      38 |      28 |  42.4 |      16 |       9 |  36.0
        D:4 |     329 |       5 |   1.5 |      20 |       2 |   9.1
            +---------+---------+-------+---------+---------+-------
